 Dungeon Crawl Stone Soup version 0.17.1-1-g73c8601 (webtiles) character file.

65 Killerpretzel the Conjurer (level 3, -1/19 HPs)
             Began as a Deep Elf Conjurer on Dec 29, 2015.
             Slain by an orc
             ... wielding a +0 flail
              (6 damage)
             ... on level 3 of the Dungeon.
             The game lasted 00:06:39 (1971 turns).

Killerpretzel the Conjurer (Deep Elf Conjurer)      Turns: 1971, Time: 00:06:39

Health: -1/19      AC:  3    Str:  9    XL:     3   Next: 94%
Magic:  2/9        EV: 13    Int: 19    God:
Gold:   74         SH:  0    Dex: 15    Spells: 2 memorised, 5 levels left

rFire  . . .     SeeInvis .     t - +0 short sword
rCold  . . .     Clarity  .     a - +0 robe
rNeg   . . .     SustAt   .     (no shield)
rPois  .         Gourm    .     (no helmet)
rElec  .         Spirit   .     (no cloak)
rCorr  .         Warding  .     s - +0 pair of gloves {Str+3}
rMut   .         Stasis   .     (no boots)
MR     .....                    (no amulet)
Stlth  ++........               (no ring)
                                (no ring)

@: not resistant to hostile enchantments, unstealthy
A: no striking features
a: no special abilities


You were on level 3 of the Dungeon.
You were not hungry.

You visited 1 branch of the dungeon, and saw 3 of its levels.

You collected 74 gold pieces.

Inventory:

Hand Weapons
 t - a +0 short sword (weapon)
Missiles
 q - 65 stones (quivered)
Armour
 a - a +0 robe (worn)
 p - a +0 buckler
 s - a +0 pair of gloves of strength (worn)
 u - a +0 buckler
Jewellery
 g - an uncursed ring of poison resistance {unknown}
Scrolls
 f - 5 scrolls of identify {unknown}
 i - a scroll of recharging {unknown}
 j - a scroll of fear {unknown}
 k - a scroll of remove curse {unknown}
 l - a scroll of blinking {unknown}
Potions
 d - a potion of might {unknown}
 e - a potion of lignification {unknown}
 h - 3 potions of agility {unknown}
 m - a potion of invisibility {unknown}
 n - 3 potions of curing {unknown}
 o - a potion of haste {unknown}
Books
 b - a book of Conjurations

   Spells                             Type                      Level
   a - Magic Dart                     Conjuration                  1
   b - Searing Ray                    Conjuration                  2
   c - Dazzling Spray                 Conjuration/Hexes            3
   d - Fulminant Prism                Conjuration/Hexes            4
   e - Iskenderun's Mystic Blast      Conjuration                  4
   f - Iskenderun's Battlesphere      Conjuration/Charms           5
Comestibles
 c - 2 bread rations
 r - 2 chunks of flesh


   Skills:
 - Level 2.4 Dodging
 - Level 2.4 Stealth
 - Level 3.0 Spellcasting
 + Level 6.1 Conjurations


You had 5 spell levels left.
You knew the following spells:

 Your Spells              Type           Power        Failure   Level  Hunger
a - Magic Dart            Conj           ####         1%          1    None
b - Searing Ray           Conj           ####..       1%          2    ##.....


Dungeon Overview and Level Annotations

Branches:
Dungeon (3/15)

Altars:

Annotations:
D:3 DeXoteric's ghost, amateur DrCj


Message History

The searing ray hits DeXoteric's ghost.
DeXoteric's ghost is lightly damaged.
DeXoteric's ghost casts a spell at you. The magic dart hits you!
The searing ray hits DeXoteric's ghost.
DeXoteric's ghost is moderately damaged.
DeXoteric's ghost hits you.
The searing ray hits DeXoteric's ghost.
DeXoteric's ghost is moderately damaged.
DeXoteric's ghost hits you.
An orc comes into view. It is wielding a flail.
DeXoteric's ghost hits you. DeXoteric's ghost closely misses you.
The orc shouts!
DeXoteric's ghost gestures at you while chanting.
The magic dart hits you!
* * * LOW HITPOINT WARNING * * *
The orc closely misses you. DeXoteric's ghost closely misses you.
The orc hits you with a flail.
You die...

#.. ### #.#
.....# #.# ...#.#
#.# #†#..# #.#
#.##.##.#######.#
................#
.##.##.#########
####.#.#o.###
......W@....#
.#####.##.#.# #.
#.#.# #. #.#.# #.
#.#.# #. ....# #.
..... ## ....#


You could see DeXoteric's ghost and an orc.

Vanquished Creatures
  2 oozes (D:2)
  A worm (D:3)
  A giant gecko (D:1)
  4 orcs (D:3)
  6 bats
  12 hobgoblins
  4 kobolds
  2 quokkas (D:2)
  A giant cockroach (D:1)
  5 giant newts
  2 goblins
  6 rats
46 creatures vanquished.

Notes
Turn   | Place    | Note
--------------------------------------------------------------
     0 | D:1      | Killerpretzel the Deep Elf Conjurer began the quest for the Orb.
     0 | D:1      | Reached XP level 1. HP: 10/10 MP: 6/6
   293 | D:1      | Reached XP level 2. HP: 15/15 MP: 6/8
   297 | D:1      | Learned a level 2 spell: Searing Ray
   353 | D:1      | Reached skill level 5 in Conjurations
   928 | D:2      | Reached XP level 3. HP: 19/19 MP: 7/9
  1533 | D:3      | Reached skill level 6 in Conjurations
  1963 | D:3      | Noticed DeXoteric's ghost (amateur DrCj)
  1971 | D:3      | Slain by an orc

Action                   || total
-------------------------++-------
Melee: Short sword       ||    22
 Cast: Magic Dart        ||    86
       Searing Ray       ||     1
  Eat: Chunk             ||     3
